[Event "Team 45 45 League T52"]
[Site "Internet Chess Club"]
[Date "2012.02.20"]
[Round "1"]
[White "g8wrb"]
[Black "trifire"]
[Result "1/2-1/2"]
[WhiteElo "1387"]
[BlackElo "1397"]
[Opening "Sicilian: Alapin's variation (2.c3)"]
[ECO "B22"]
[Time "15:00:28"]
[TimeControl "2700+45"]

1. e4 c5 2. c3 d6 3. d4 Nf6 4. Bd3 Qa5 5. Bd2 cxd4 6. cxd4 Qb6 7. Bc3 Nc6 8. Nf3
Bg4 9. Nbd2 g6 10. Qb3 Bg7 11. Qxb6 axb6 12. h3 Bd7 13. O-O O-O 14. Rfe1 Rfc8
15. e5 dxe5 16. dxe5 Nd5 17. Nc4 b5 18. Ne3 Nxc3 19. bxc3 Nxe5 20. Nxe5 Bxe5 21.
Nd5 Bxc3 22. Nxe7+ Kg7 23. Nxc8 Bxa1 24. Bxb5 Bxb5 25. Nd6 Bc3 26. Rc1 Be5 27.
Nxb5 Rxa2 28. Nc3 Bxc3 29. Rxc3 Ra1+ 30. Kh2 b5 31. Rb3 Ra5 32. Kg3 Kf6 33. Kf4
g5+ 34. Ke4 Ra4+ 35. Kd5 b4 36. Kc5 Ke5 {Game drawn by mutual agreement} 1/2-1/2

[Event "Team 45 45 League T52"]
[Site "Internet Chess Club"]
[Date "2012.02.20"]
[Round "1"]
[White "saychess"]
[Black "Ptzz"]
[Result "1/2-1/2"]
[WhiteElo "2039"]
[BlackElo "2069"]
[Opening "Caro-Kann: advance variation"]
[ECO "B12"]
[Time "10:01:29"]
[TimeControl "2700+45"]

1. e4 c6 2. d4 d5 3. e5 c5 4. dxc5 e6 5. Be3 Nh6 6. c3 Nd7 7. Bb5 Nf5 8. Bd4
Nxd4 9. cxd4 a6 10. Ba4 Qg5 11. g3 Be7 12. Qd2 Qg4 13. Nc3 O-O 14. Bd1 Qg6 15.
Bc2 Qh5 16. Qe2 Qh6 17. f4 f6 18. Nf3 fxe5 19. Nxe5 Nxe5 20. Qxe5 Bf6 21. Qe3
Qh5 22. O-O Bd7 23. Rad1 g5 24. fxg5 Bxg5 25. Qe5 Qh6 26. Kg2 Bf6 27. Qf4 Bg5
28. Qd6 Qg7 29. Ba4 Bxa4 30. Rxf8+ Rxf8 31. Qxe6+ Kh8 32. Nxa4 Bf6 33. Qxd5 Qe7
34. Nc3 Rd8 35. Qe4 Qf8 36. Qf3 Qg7 37. d5 Bd4 38. Rf1 Qe5 39. Qf5 Bxc3 40. bxc3
Qxd5+ 41. Qxd5 Rxd5 42. Rf8+ Kg7 43. Rb8 Rxc5 44. Rxb7+ Kg8 45. Rb6 Ra5 46. Rb2
Kf7 47. Kf3 Ke6 48. Ke4 h5 49. c4 Kd6 50. Kd4 Kc6 51. Rf2 Ra3 52. Rf6+ Kb7 53.
Rh6 Rxa2 54. Rxh5 a5 55. Kc3 Kb6 56. g4 Ra3+ 57. Kb2 Rf3 58. g5 Kc5 59. g6+ Kxc4
60. Rxa5 Rf2+ 61. Kc1 Rxh2 62. Rg5 Rh8 63. Kd2 Kd4 64. Rg4+ Ke5 65. Ke3 Kf5
{Game drawn by mutual agreement} 1/2-1/2

[Event "Team 45 45 League T52"]
[Site "Internet Chess Club"]
[Date "2012.02.20"]
[Round "1"]
[White "Jack-ONeill"]
[Black "playwaycool"]
[Result "1/2-1/2"]
[WhiteElo "2045"]
[BlackElo "2115"]
[Opening "Queen's pawn, Mason variation"]
[ECO "D00"]
[Time "14:02:33"]
[TimeControl "2700+45"]

1. d4 d5 2. Bf4 Nf6 3. e3 Nbd7 4. Bd3 g6 5. Nf3 Bg7 6. O-O O-O 7. h3 c5 8. c3 b6
9. Nbd2 Bb7 10. a4 c4 11. Bc2 a5 12. Re1 Nh5 13. Bh2 f5 14. Ng5 Rf6 15. g4 Bh6
16. Ngf3 fxg4 17. hxg4 e5 18. dxe5 Rxf3 19. Nxf3 Ng7 20. Bg3 Ne6 21. b3 cxb3 22.
Bxb3 Ndc5 23. e4 dxe4 24. Qxd8+ Rxd8 25. Nd4 Nxb3 26. Nxe6 Re8 27. Rab1 Nd2 28.
Rxb6 Nf3+ 29. Kf1 Bd5 30. Nc7 Bc4+ 31. Re2 Rd8 32. Rd6 Rxd6 33. exd6 Nd2+ 34.
Ke1 Nf3+ 35. Kf1 Nd2+ 36. Ke1 Nf3+ 37. Kf1 {Game drawn by repetition} 1/2-1/2

[Event "Team 45 45 League T52"]
[Site "Internet Chess Club"]
[Date "2012.02.21"]
[Round "1"]
[White "AntMantis"]
[Black "Despair"]
[Result "0-1"]
[WhiteElo "2046"]
[BlackElo "1967"]
[Opening "Queen's pawn: Charlick (Englund) gambit"]
[ECO "A40"]
[Time "20:00:21"]
[TimeControl "2700+45"]

1. d4 e5 2. dxe5 Nc6 3. Nf3 Qe7 4. Nbd2 Nxe5 5. Nxe5 Qxe5 6. Nf3 Qf5 7. e3 Bc5
8. Bd3 Qf6 9. Rb1 d5 10. b4 Bd6 11. Qd2 Qe7 12. Nd4 Bd7 13. O-O Nf6 14. c4 dxc4
15. Bxc4 Ng4 16. g3 O-O 17. f3 Ne5 18. Be2 Bh3 19. Rd1 Rfd8 20. Qc3 Rac8 21. Nb5
a6 22. Nxd6 cxd6 23. Qd4 Rc2 24. Rd2 Rc4 25. Qb2 Nxf3+ 26. Kf2 Nxd2 27. Bxd2
Rcc8 28. Bc3 f6 29. g4 f5 30. g5 Qxg5 31. Rg1 Qh4+ 32. Rg3 Bg4 33. h3 f4 34.
exf4 Bxe2 35. Bxg7 Qxf4+ 36. Kg2 Qf1+ 37. Kh2 Qf2+ 38. Rg2 Qf4+ 39. Rg3 Bg4 40.
Bh6 Qe5 41. Qd2 Rc4 {White resigns} 0-1

[Event "Team 45 45 League T52"]
[Site "Internet Chess Club"]
[Date "2012.02.21"]
[Round "1"]
[White "pishd"]
[Black "KoalieAwe"]
[Result "1-0"]
[WhiteElo "1743"]
[BlackElo "1738"]
[Opening "Queen's bishop game"]
[ECO "D02"]
[Time "10:03:39"]
[TimeControl "2700+45"]

1. d4 d5 2. Nf3 Nf6 3. Bf4 Bf5 4. e3 e6 5. c4 c6 6. Qb3 Qb6 7. c5 Qxb3 8. axb3
Nbd7 9. h3 Be7 10. Nc3 O-O 11. b4 a6 12. Nd2 h6 13. Nb3 Bc2 14. Na5 Ra7 15. Kd2
Bh7 16. f3 Rc8 17. Nxb7 Rxb7 18. Bxa6 Rcb8 19. Bxb7 Rxb7 20. Ra8+ Nf8 21. b5 g5
{Black resigns} 1-0

[Event "Team 45 45 League T52"]
[Site "Internet Chess Club"]
[Date "2012.02.17"]
[Round "1"]
[White "PandorasBox"]
[Black "Dreamshell"]
[Result "0-1"]
[WhiteElo "1924"]
[BlackElo "2113"]
[Opening "English: ultra-symmetrical variation"]
[ECO "A36"]
[Time "17:13:22"]
[TimeControl "2700+45"]

1. c4 c5 2. g3 g6 3. Bg2 Bg7 4. Nc3 Nc6 5. d3 d6 6. e4 Nf6 7. Nge2 O-O 8. O-O
Nd4 9. Nxd4 cxd4 10. Ne2 Nd7 11. f4 e6 12. b4 Qb6 13. Rb1 Re8 14. Qa4 d5 15. c5
Qc6 16. Qc2 a5 17. Ba3 axb4 18. Bxb4 b6 19. Rfc1 bxc5 20. e5 Qa6 21. Bxc5 Nxc5
22. Qxc5 Qxd3 23. Rb2 Bf8 24. Qxd4 Qxd4+ 25. Nxd4 Ba3 26. Rbc2 Bxc1 27. Rxc1
Rxa2 28. Nb5 Ba6 29. Nd6 Rb8 30. h4 Rbb2 31. Bh1 Ra3 32. Be4 Rxg3+ 33. Kh1 dxe4
34. Nxe4 Rh3+ 35. Kg1 Rhh2 36. Nf6+ Kg7 {White resigns} 0-1

[Event "Team 45 45 League T52"]
[Site "Internet Chess Club"]
[Date "2012.02.21"]
[Round "1"]
[White "mcplayerus"]
[Black "Deckfuel"]
[Result "0-1"]
[WhiteElo "1908"]
[BlackElo "1958"]
[Opening "English: symmetrical variation"]
[ECO "A30"]
[Time "14:00:04"]
[TimeControl "2700+45"]

1. c4 c5 2. g3 Nc6 3. Bg2 b6 4. Nf3 Bb7 5. O-O Nf6 6. Nc3 e6 7. d4 Nxd4 8. Nxd4
Bxg2 9. Nxe6 fxe6 10. Kxg2 Be7 11. Bf4 d6 12. Qa4+ Qd7 13. Qxd7+ Kxd7 14. Rad1
Kc6 15. e4 Rhd8 16. Rfe1 Nh5 17. Bd2 g6 18. f4 a6 19. a4 Ng7 20. Re2 Ra7 21. Be3
Rad7 22. Red2 Ne8 23. h3 Bf6 24. Ne2 d5 25. e5 Be7 26. cxd5+ exd5 27. Rc2 Kb7
28. g4 d4 29. Rcd2 Kc6 30. Bf2 Ng7 31. Bg3 d3 32. Nc3 c4 33. Rf1 b5 34. axb5+
axb5 35. f5 Bg5 36. Bf4 Bxf4 37. Rxf4 Rd4 38. Rf1 b4 39. Nd1 Re4 40. f6 Ne6 41.
Rdf2 Rxe5 42. Kg3 Rf8 43. h4 h6 44. f7 Kd5 45. Rf6 g5 46. Rxh6 Kd4 47. hxg5 c3
48. bxc3+ bxc3 49. g6 c2 50. g7 Nxg7 51. Nf2 Rxf7 52. Rd6+ Rd5 53. Rc6 Ke3 54.
Re1+ Kd2 55. Nxd3 Rxd3+ {White resigns} 0-1

[Event "Team 45 45 League T52"]
[Site "Internet Chess Club"]
[Date "2012.02.15"]
[Round "1"]
[White "zachi"]
[Black "Dracoac"]
[Result "0-1"]
[WhiteElo "1945"]
[BlackElo "1796"]
[Opening "Caro-Kann: exchange, Rubinstein variation"]
[ECO "B13"]
[Time "21:34:39"]
[TimeControl "2700+45"]

1. e4 c6 2. d4 d5 3. exd5 cxd5 4. Bd3 Nc6 5. c3 Nf6 6. Bf4 e6 7. Nf3 Be7 8. Nbd2
O-O 9. O-O b6 10. Ne5 Nxe5 11. dxe5 Nd7 12. Qh5 g6 13. Qh6 Nc5 14. Bc2 Re8 15.
Nf3 Bf8 16. Qh3 Ba6 17. Ng5 h6 18. Nxf7 Kxf7 19. Bxh6 Bxh6 20. Qxh6 Rg8 21. Rfd1
Qf8 22. Qg5 Qe7 23. Qh6 Qf8 24. Qh7+ Qg7 25. Bxg6+ Ke7 26. Qxg7+ Rxg7 27. Bc2
Rag8 28. g3 Be2 29. Re1 Bd3 30. Bxd3 Nxd3 31. Re2 Rg5 32. Re3 Nxb2 33. f4 Rf5
34. Kf2 Nc4 35. Rd3 Nxe5 36. Rd4 Ng4+ 37. Kg2 Nf6 38. Re1 Ne4 39. c4 Nf6 40.
cxd5 Rxd5 41. Rxd5 Nxd5 42. f5 Kf6 43. fxe6 Nf4+ 44. Kf3 Nxe6 45. h4 Nd4+ 46.
Kf4 Nf5 47. g4 Nxh4 48. g5+ Kf7 49. Rf1 Kg7 50. Ke5 Re8+ 51. Kd6 Re2 52. a4 Re4
53. a5 b5 54. Rb1 a6 55. Rc1 Ra4 {White resigns} 0-1

[Event "Team 45 45 League T52"]
[Site "Internet Chess Club"]
[Date "2012.02.18"]
[Round "1"]
[White "jps7"]
[Black "alexdb"]
[Result "0-1"]
[WhiteElo "1744"]
[BlackElo "1877"]
[Opening "Queen's pawn game"]
[ECO "A46"]
[Time "12:39:50"]
[TimeControl "2700+45"]

1. d4 Nf6 2. Nf3 c5 3. e3 g6 4. Bd3 Bg7 5. b3 d5 6. Bb2 O-O 7. O-O Qc7 8. c4
dxc4 9. bxc4 Nc6 10. d5 Nb4 11. Be2 Ne8 12. Bxg7 Nxg7 13. a3 Na6 14. Nc3 Qa5 15.
Nb5 Nc7 16. Qb3 Nxb5 17. Qxb5 Qc7 18. Rfd1 Nf5 19. Rab1 Nd6 20. Qb3 Ne4 21. h3
b6 22. Nd2 Nf6 23. Bf3 Bb7 24. Qb2 Qd6 25. e4 Nd7 26. e5 Nxe5 27. Be2 f5 28. a4
Rab8 29. f4 Nd7 30. g3 Rfe8 31. Nf3 e6 32. dxe6 Qxe6 33. Re1 Qe3+ 34. Kg2 Re7
35. Rbd1 Rbe8 36. Qb5 Nf6 37. Rd3 Bxf3+ 38. Bxf3 Qxd3 39. Rxe7 Rxe7 40. Qa6 Ne4
41. Qc8+ Kg7 42. h4 Qe3 43. Bxe4 Qxe4+ 44. Kh3 Qh1# {White checkmated} 0-1

[Event "Team 45 45 League T52"]
[Site "Internet Chess Club"]
[Date "2012.02.16"]
[Round "1"]
[White "justice02"]
[Black "Razorbackchess"]
[Result "1-0"]
[WhiteElo "1816"]
[BlackElo "1647"]
[Opening "King's Indian: Sämisch, 5...O-O"]
[ECO "E81"]
[Time "21:40:25"]
[TimeControl "2700+45"]

1. d4 Nf6 2. c4 g6 3. Nc3 Bg7 4. e4 d6 5. f3 O-O 6. Bd3 e5 7. d5 c6 8. Nge2 cxd5
9. cxd5 Ne8 10. O-O Nd7 11. Rb1 f5 12. Be3 f4 13. Bf2 h5 14. Qd2 g5 15. Rfc1 g4
16. Kh1 Qg5 17. Qe1 Bf6 18. Nb5 a6 19. Na7 Ng7 20. Rc7 b6 21. Nxc8 Rfxc8 22.
Rxd7 h4 23. Rxd6 g3 24. Bxb6 h3 25. hxg3 Nh5 26. g4 hxg2+ 27. Kxg2 Ng3 28. Nxg3
fxg3 29. Be3 Qg7 30. Qxg3 Qe7 31. Re6 Qd8 32. Rh1 Bg5 33. Qxe5 {Black resigns}
1-0

[Event "Team 45 45 League T52"]
[Site "Internet Chess Club"]
[Date "2012.02.21"]
[Round "1"]
[White "otherook"]
[Black "Innes"]
[Result "1-0"]
[WhiteElo "1790"]
[BlackElo "1643"]
[Opening "English: symmetrical variation"]
[ECO "A30"]
[Time "19:30:21"]
[TimeControl "2700+45"]

1. c4 c5 2. g3 e5 3. Bg2 Nc6 4. Nc3 Nf6 5. e3 b6 6. Nge2 Bb7 7. O-O d6 8. d4
exd4 9. exd4 Qc7 10. dxc5 Na5 11. Qa4+ Bc6 12. Nb5 Qd7 13. Bxc6 Nxc6 14. Nxd6+
Bxd6 15. cxd6 O-O 16. Rd1 Rac8 17. Bg5 Ne4 18. Bf4 g5 19. Be3 Qh3 20. d7 Ne5 21.
Nd4 Ng4 22. Nf3 Nxe3 23. fxe3 Rcd8 24. Qc6 Nc5 25. Rd4 Nxd7 26. Rad1 Nb8 27. Qf6
Rxd4 28. Qxg5+ Kh8 29. Rxd4 f6 30. Qg4 Qh6 31. Qf4 Qg6 32. Qe4 Qh6 33. Rd6 Qg7
34. Nd4 Qf7 35. Nf5 Re8 36. Qd4 Na6 37. Rxf6 {Black resigns} 1-0

[Event "Team 45 45 League T52"]
[Site "Internet Chess Club"]
[Date "2012.02.19"]
[Round "1"]
[White "BrianWood"]
[Black "Invicta-Knight"]
[Result "0-1"]
[WhiteElo "1517"]
[BlackElo "1511"]
[Opening "Benkö gambit"]
[ECO "A57"]
[Time "14:07:00"]
[TimeControl "2700+45"]

1. d4 Nf6 2. c4 c5 3. d5 b5 4. Qc2 Na6 5. cxb5 Nb4 6. Qxc5 Nfxd5 7. Bd2 Bb7 8.
Na3 e5 9. Qc4 Rc8 10. Qg4 Nf6 11. Qg5 Bd6 12. Qxg7 Rg8 13. Qh6 Bxg2 14. Bxg2
Rxg2 15. Qh3 Rg6 16. Nf3 Qb6 17. Nh4 Rg8 18. Nf5 Bc5 19. Be3 Nbd5 20. Bxc5 Rxc5
21. Qd3 Rg2 22. e3 Qa5+ 23. Kf1 Rg6 24. Nd6+ Ke7 25. Nb7 Qb6 26. Nxc5 Qxc5 27.
Qc4 Nxe3+ 28. fxe3 Qxe3 29. Qe2 Qh3+ 30. Ke1 Nd5 31. Kd1 Ne3+ 32. Kc1 Rg2 33.
Qd3 Qh6 34. Kb1 d5 35. b3 f5 36. Qc3 Qf4 37. Qc7+ Kf6 38. Qd6+ Kf7 39. Qd7+ Kg6
40. Qe8+ Kg5 41. Qe7+ Kg4 42. Nc2 Qe4 43. Rc1 Rxc2 44. Qg7+ Kf3 45. Qg3+ Ke2 46.
Qxe3+ Kxe3 47. Rxc2 d4 48. Kb2 Kf4 49. Rf1+ Kg5 50. Rg1+ Kh5 51. Rcg2 d3 52.
Rg5+ Kh4 53. Rg7 f4 54. R7g4+ Kh5 55. R4g2 Qd4+ 56. Ka3 d2 57. Rd1 f3 58. Rgxd2
Qc5+ 59. b4 Qxb5 60. Rd5 Qa6+ 61. Kb3 Qe6 62. Kb2 Kg4 63. Rd6 Qc4 64. h3+ Kf4
65. a3 f2 66. Rc1 Qxc1+ {White resigns} 0-1

[Event "Team 45 45 League T52"]
[Site "Internet Chess Club"]
[Date "2012.02.19"]
[Round "1"]
[White "parrot9"]
[Black "Danny-ONeil"]
[Result "1-0"]
[WhiteElo "1528"]
[BlackElo "1306"]
[Opening "Sicilian: Najdorf"]
[ECO "B90"]
[Time "10:00:35"]
[TimeControl "2700+45"]

1. e4 c5 2. Nf3 d6 3. d4 cxd4 4. Nxd4 Nf6 5. Nc3 a6 6. f3 b5 7. Be3 e5 8. Nb3
Nbd7 9. Qd2 Nb6 10. Qf2 Nc4 11. Bxc4 bxc4 12. Nd2 Be6 13. g4 Be7 14. g5 Nd7 15.
h4 Rb8 16. b3 O-O 17. Nd5 Bxd5 18. exd5 c3 19. Ne4 Qa5 20. Rd1 Bd8 21. Nxd6 Nb6
22. Nc4 Nxc4 23. bxc4 Qxa2 24. c5 Rb1 25. O-O Rxd1 26. Rxd1 a5 27. c6 f5 28. d6
f4 29. Bc5 Qe6 30. c7 e4 31. Qd4 Be7 32. dxe7 Re8 33. Qd5 Qxd5 34. Rxd5 exf3 35.
Rd8 {Black resigns} 1-0

[Event "Team 45 45 League T52"]
[Site "Internet Chess Club"]
[Date "2012.02.20"]
[Round "1"]
[White "Skeptic1972"]
[Black "krysto"]
[Result "1-0"]
[WhiteElo "1652"]
[BlackElo "1584"]
[Opening "French: classical, Steinitz variation"]
[ECO "C14"]
[Time "12:05:52"]
[TimeControl "2700+45"]

1. e4 e6 2. d4 d5 3. Nc3 Nf6 4. Bg5 Be7 5. e5 Nfd7 6. Bxe7 Qxe7 7. f4 a6 8. Nf3
c5 9. Be2 Nc6 10. O-O O-O 11. a3 b5 12. Qd2 Nb6 13. Kh1 Bd7 14. Rad1 Nc4 15.
Bxc4 bxc4 16. dxc5 Qxc5 17. Nd4 Nxd4 18. Qxd4 Qxd4 19. Rxd4 Rab8 20. Rb1 Rfc8
21. Ne4 Ba4 22. Nd6 Rd8 23. b3 Bb5 24. b4 Ba4 25. c3 g6 26. h4 h5 27. Kh2 Kg7
28. Kh3 Kf8 29. g4 hxg4+ 30. Kxg4 Ke7 31. Kg5 Rh8 32. Rh1 f5 33. h5 gxh5 34. Kh4
Rbg8 35. Rd2 Rg4+ 36. Kh3 Rhg8 37. Rf1 Rg3+ 38. Kh2 R3g4 39. Rf3 h4 40. Rff2 h3
41. Rf3 Rg2+ 42. Rxg2 hxg2 43. Kg1 Bd7 44. Rf2 Kf8 45. Rxg2 Rg7 46. Rxg7 Kxg7
47. Kf2 Kh6 48. Ke3 Kh5 49. Nb7 Kg4 50. Nc5 Bc8 51. a4 Kh5 52. b5 axb5 53. axb5
Kg6 54. b6 Kf7 55. b7 Bxb7 56. Nxb7 Ke7 57. Kd4 Kd7 58. Nd6 Kd8 59. Nxf5 Kd7 60.
Ne3 Ke7 61. f5 exf5 62. Nxf5+ Ke6 63. Ne3 {Black resigns} 1-0

[Event "Team 45 45 League T52"]
[Site "Internet Chess Club"]
[Date "2012.02.18"]
[Round "1"]
[White "Salvatore"]
[Black "kwameh72"]
[Result "1-0"]
[WhiteElo "1533"]
[BlackElo "1549"]
[Opening "Scandinavian: Pytel-Wade variation"]
[ECO "B01"]
[Time "20:03:37"]
[TimeControl "2700+45"]

1. e4 d5 2. exd5 Qxd5 3. Nc3 Qd6 4. g3 Nf6 5. Bg2 c6 6. d4 Bf5 7. Nf3 Nbd7 8.
O-O e6 9. a3 Be7 10. Bf4 e5 11. dxe5 Qxd1 12. Raxd1 Nh5 13. Bc1 Bxc2 14. Rd2 Bf5
15. Nd4 Bg6 16. e6 Nc5 17. exf7+ Kxf7 18. f4 Bd3 19. Re1 Bf6 20. Nf3 Ba6 21.
Ne5+ Kf8 22. Nd7+ Nxd7 23. Rxd7 g6 24. g4 Re8 25. Red1 Ng7 26. Bf1 Bxf1 27. Kxf1
Rb8 28. Ne4 Be7 29. Be3 b6 30. Rxa7 Ne8 31. Rdd7 Bd8 32. Bd4 Rg8 33. Rf7# {Black
checkmated} 1-0

[Event "Team 45 45 League T52"]
[Site "Internet Chess Club"]
[Date "2012.02.19"]
[Round "1"]
[White "jfiquett"]
[Black "milesotoole"]
[Result "1-0"]
[WhiteElo "1586"]
[BlackElo "1565"]
[Opening "Dutch defense"]
[ECO "A86"]
[Time "15:25:51"]
[TimeControl "2700+45"]

1. d4 f5 2. g3 Nf6 3. Bg2 g6 4. c4 Bg7 5. Nh3 O-O 6. O-O d6 7. Nc3 e5 8. dxe5
dxe5 9. e4 Nc6 10. Be3 fxe4 11. Ng5 Ng4 12. Qxd8 Rxd8 13. Rad1 Nxe3 14. Rxd8+
Nxd8 15. fxe3 Nc6 16. Nd5 Bf5 17. Nxc7 Rc8 18. Nd5 h6 19. Nxe4 Na5 20. Ne7+
{Black resigns} 1-0

[Event "Team 45 45 League T52"]
[Site "Internet Chess Club"]
[Date "2012.02.20"]
[Round "1"]
[White "Berke"]
[Black "vigneshv"]
[Result "1/2-1/2"]
[WhiteElo "1602"]
[BlackElo "1547"]
[Opening "French: Tarrasch, closed variation"]
[ECO "C05"]
[Time "16:01:12"]
[TimeControl "2700+45"]

1. e4 e6 2. d4 d5 3. Nd2 Nf6 4. e5 Nfd7 5. Ngf3 c5 6. c3 Nc6 7. Bd3 Qb6 8. O-O
cxd4 9. cxd4 Nxd4 10. Nxd4 Qxd4 11. Nf3 Qb6 12. Qa4 Qb4 13. Qc2 Qc5 14. Qe2 Be7
15. Be3 Qc7 16. Rac1 Qd8 17. Bb5 a6 18. Ba4 b5 19. Bc2 Bb7 20. Bd4 Bg5 21. Nxg5
Qxg5 22. f4 Qd8 23. Qg4 g6 24. a3 h5 25. Qh3 Rc8 26. Bb1 O-O 27. Rxc8 Qxc8 28.
g4 hxg4 29. Qxg4 Qc4 30. Rd1 Nc5 31. Bxg6 fxg6 32. Qxg6+ Kh8 33. Qh6+ Kg8 34.
Qg6+ Kh8 35. Qh6+ Kg8 36. Qg6+ Kh8 37. Qh6+ Kg8 38. Qg6+ Kh8 39. Qh6+ Kg8 40.
Qg6+ Kh8 41. Qh6+ Kg8 42. Qg6+ Kh8 43. Qh6+ Kg8 44. Qg6+ Kh8 45. Qh6+ Kg8 46.
Qg6+ Kh8 47. Qh6+ Kg8 48. Qg6+ Kh8 49. Qh6+ Kg8 50. Qg6+ Kh8 51. Qh6+ Kg8 52.
Qg6+ Kh8 53. Qh6+ Kg8 54. Qg6+ Kh8 55. Qh6+ Kg8 56. Qg6+ Kh8 57. Qh6+ Kg8 58.
Qg6+ Kh8 59. Qh6+ Kg8 60. Qg6+ Kh8 61. Qh6+ Kg8 62. Qg6+ Kh8 63. Qh6+ Kg8 64.
Qg6+ {Game drawn by repetition} 1/2-1/2

[Event "Team 45 45 League T52"]
[Site "Internet Chess Club"]
[Date "2012.02.16"]
[Round "1"]
[White "Chatica"]
[Black "DARKwizard1"]
[Result "1-0"]
[WhiteElo "2233"]
[BlackElo "2083"]
[Opening "Ruy Lopez: open, 7.Bb3"]
[ECO "C80"]
[Time "21:05:08"]
[TimeControl "2700+45"]

1. e4 Nc6 2. Nf3 e5 3. Bb5 a6 4. Ba4 Nf6 5. O-O Nxe4 6. d4 b5 7. Bb3 Be7 8. dxe5
O-O 9. c3 Bb7 10. Bf4 Ng5 11. Nd4 Ne6 12. Nxe6 fxe6 13. Qg4 h5 14. Qg3 Bh4 15.
Qe3 g5 16. Bg3 Bxg3 17. hxg3 Rf5 18. f4 g4 19. Nd2 Ne7 20. Ne4 Kg7 21. Rad1 Bd5
22. Bc2 Rc8 23. Nf6 c6 24. Qa7 Rc7 25. Qxc7 Qxc7 26. Ne8+ Kf8 27. Nxc7 {Black
resigns} 1-0

[Event "Team 45 45 League T52"]
[Site "Internet Chess Club"]
[Date "2012.02.26"]
[Round "1"]
[White "BigH"]
[Black "Gregorio"]
[Result "1-0"]
[WhiteElo "2134"]
[BlackElo "1809"]
[Opening "Ruy Lopez: fianchetto (Smyslov/Barnes) defense"]
[ECO "C60"]
[Time "15:22:09"]
[TimeControl "2700+45"]

1. e4 e5 2. Nf3 Nc6 3. Bb5 g6 4. c3 Bg7 5. d4 exd4 6. cxd4 d5 7. exd5 Qxd5 8.
Nc3 Qe6+ 9. Kf1 a6 10. d5 Qd6 11. Ba4 b5 12. dxc6 bxa4 13. Qxd6 cxd6 14. Nd5 Rb8
15. Bf4 Bxb2 16. Re1+ Be6 17. Bxd6 Rc8 18. Nc7+ Kd8 19. Nxe6+ fxe6 20. c7+ Kd7
21. Rd1 Kc6 22. Ne5+ Kb5 23. Rb1 a3 24. Bxa3 Rxc7 25. Rxb2+ Ka4 26. Rb3 Nf6 27.
g3 Ne4 28. Kg2 Rc2 29. Nd3 Rxa2 30. Rb4+ Kxa3 31. Rxe4 Rd8 32. Nb4 Rb2 33. Nxa6
Rc8 34. Ra1+ Kb3 35. Rb4+ Kc2 36. Rxb2+ Kxb2 37. Re1 Rc6 38. Nb4 Rd6 39. Re3 h6
40. Nd3+ Kc2 41. Nf4 e5 42. Rxe5 {Black resigns} 1-0

[Event "Team 45 45 League T52"]
[Site "Internet Chess Club"]
[Date "2012.02.22"]
[Round "1"]
[White "alexping"]
[Black "achessman"]
[Result "1/2-1/2"]
[WhiteElo "1933"]
[BlackElo "1965"]
[Opening "QGD Slav/Grünfeld: Schlechter variation"]
[ECO "D15"]
[Time "22:00:57"]
[TimeControl "2700+45"]

1. d4 d5 2. c4 c6 3. Nf3 Nf6 4. Nc3 g6 5. cxd5 cxd5 6. e3 Bg7 7. Be2 O-O 8. O-O
Bg4 9. b4 Nbd7 10. Qb3 e6 11. a4 Nb6 12. a5 Bxf3 13. gxf3 Nc8 14. Ba3 Nd6 15. b5
Re8 16. b6 Bf8 17. bxa7 Rxa7 18. Bc5 Ra8 19. Bb6 Qe7 20. Rfc1 Rec8 21. Na4 Nd7
22. Rc7 Qg5+ 23. Kh1 Nxb6 24. axb6 Rxc7 25. bxc7 Qe7 26. Rc1 Rc8 27. Qb6 Ne8 28.
Qxb7 Rxc7 29. Rxc7 Qxc7 30. Qxc7 Nxc7 31. Nb6 Kg7 32. f4 h6 33. Nd7 Be7 34. Kg2
Ne8 35. Bd3 Bd6 {Game drawn by mutual agreement} 1/2-1/2

[Event "Team 45 45 League T52"]
[Site "Internet Chess Club"]
[Date "2012.02.17"]
[Round "1"]
[White "Nakke"]
[Black "kabindra"]
[Result "1-0"]
[WhiteElo "1965"]
[BlackElo "1825"]
[Opening "English, 1...Nf6 (Anglo-Indian defense)"]
[ECO "A15"]
[Time "16:00:41"]
[TimeControl "2700+45"]

1. c4 Nf6 2. g3 g6 3. Bg2 Bg7 4. Nc3 O-O 5. Nf3 d6 6. O-O c5 7. d3 Nc6 8. e4 Rb8
9. h3 a6 10. a4 Be6 11. Be3 Nd7 12. Ng5 Nd4 13. Nxe6 Nxe6 14. Kh2 Nd4 15. f4 e6
16. Ne2 Qb6 17. Nxd4 cxd4 18. Bc1 Nc5 19. Ra3 f5 20. exf5 exf5 21. Rf2 Rfe8 22.
Qc2 Re7 23. a5 Qc7 24. b4 Nd7 25. Bf3 Nf6 26. b5 axb5 27. cxb5 Qd7 28. Qb3+ d5
29. Raa2 Rc8 30. Rac2 Rc3 31. Rxc3 dxc3 32. Kg2 Kh8 33. a6 bxa6 34. bxa6 Qc6 35.
a7 Qa8 36. Qb8+ Re8 37. Qxa8 Rxa8 38. Ra2 Bf8 39. Be3 c2 40. Rxc2 Rxa7 41. Bxa7
{Black resigns} 1-0

[Event "Team 45 45 League T52"]
[Site "Internet Chess Club"]
[Date "2012.02.20"]
[Round "1"]
[White "jorobo"]
[Black "QueensCounselor"]
[Result "0-1"]
[WhiteElo "2009"]
[BlackElo "2125"]
[Opening "Grünfeld defense"]
[ECO "D80"]
[Time "15:00:34"]
[TimeControl "2700+45"]

1. d4 Nf6 2. c4 g6 3. Nc3 d5 4. e3 Bg7 5. Qb3 e6 6. Qa3 Nc6 7. Nf3 Ne7 8. Bd2
O-O 9. Bd3 b6 10. cxd5 exd5 11. Rc1 Bb7 12. Nb5 Nc6 13. Ne5 Nxe5 14. dxe5 Ne8
15. Bc3 c5 16. b4 c4 17. Be2 a6 18. Nd4 Bxe5 19. O-O Nd6 20. Nc6 Bxh2+ 21. Kxh2
Bxc6 22. Qb2 Ne4 23. Bd4 b5 24. Bf3 f5 25. Rh1 a5 26. a3 axb4 27. axb4 Ng5 28.
Ra1 Nxf3+ 29. gxf3 f4 30. Bh8 Rf7 31. Rxa8 Bxa8 32. Ra1 fxe3 33. fxe3 Bb7 34.
Qe5 d4 35. Qxd4 Qxd4 36. Bxd4 Bxf3 37. Ra5 Bc6 38. Ra6 Be8 39. Ra8 Re7 40. Bc5
Re4 41. Rc8 h5 42. Kg3 Kf7 43. Rc7+ Ke6 44. Kf3 Kf5 45. Bd4 Rg4 46. Rc5+ Ke6 47.
Re5+ Kf7 48. Rc5 Rg1 49. e4 Rd1 50. Rc7+ Ke6 51. Bc5 Bd7 52. Kf4 h4 53. Kg4 Ke5+
54. Kxh4 Kxe4 55. Be7 Bf5 56. Rc5 Rd5 57. Rc7 Kd3 58. Bf6 Kc2 59. Re7 Kb3 60.
Re3+ Rd3 {White resigns} 0-1

[Event "Team 45 45 League T52"]
[Site "Internet Chess Club"]
[Date "2012.02.18"]
[Round "1"]
[White "fledermaus"]
[Black "livis"]
[Result "1/2-1/2"]
[WhiteElo "1813"]
[BlackElo "1964"]
[Opening "Dutch: classical variation"]
[ECO "A96"]
[Time "18:00:44"]
[TimeControl "2700+45"]

1. d4 e6 2. c4 f5 3. g3 Nf6 4. Bg2 d6 5. Nf3 Be7 6. O-O O-O 7. Nc3 Ne4 8. Qc2
Ng5 9. Nxg5 Bxg5 10. Bxg5 Qxg5 11. f4 Qf6 12. Rad1 c6 13. e4 Na6 14. Rfe1 e5 15.
dxe5 dxe5 16. Rf1 exf4 17. gxf4 Be6 18. e5 Qf7 19. b3 Rad8 20. Qf2 Ra8 21. Rd6
h6 22. Qd4 Kh7 23. Ne2 Nb4 24. Qd2 a5 25. Nd4 Rfe8 26. Nxe6 Rxe6 27. Rxe6 Qxe6
28. Rd1 Qg6 29. a3 Na6 30. Qxa5 Qg4 31. Rf1 Qe2 32. Qc3 Nc5 33. Re1 Qa2 34. e6
Qxb3 35. Qe5 Nd3 36. Qxf5+ Kg8 37. Qf7+ Kh8 38. Rf1 Qb6+ 39. Kh1 Nf2+ 40. Rxf2
Qxf2 41. h3 Rg8 42. e7 Qe1+ 43. Kh2 Qe2 44. Kg3 Qe3+ 45. Kh2 Qe2 46. Kg3 Qd3+
47. Bf3 Qe3 48. Qg6 Qe1+ 49. Kg2 Qd2+ 50. Kg3 Qe3 51. Kg2 Ra8 52. Be4 Qe2+ 53.
Kg1 Qe1+ 54. Kg2 Qe2+ {Game drawn by mutual agreement} 1/2-1/2

[Event "Team 45 45 League T52"]
[Site "Internet Chess Club"]
[Date "2012.02.19"]
[Round "1"]
[White "fishhead"]
[Black "azbycx"]
[Result "0-1"]
[WhiteElo "1787"]
[BlackElo "1867"]
[Opening "Scandinavian: Marshall variation"]
[ECO "B01"]
[Time "20:00:26"]
[TimeControl "2700+45"]

1. e4 d5 2. exd5 Nf6 3. d4 Nxd5 4. c4 Nf6 5. Nf3 g6 6. Be2 Bg7 7. O-O O-O 8. h3
c5 9. Be3 cxd4 10. Bxd4 Nc6 11. Bc3 Qc7 12. Nbd2 Rd8 13. Qc2 Bf5 14. Qa4 Rd7 15.
g4 Be4 16. Nxe4 Nxe4 17. Bxg7 Kxg7 18. Rfd1 Rad8 19. Rxd7 Rxd7 20. Rd1 Rxd1+ 21.
Qxd1 Qb6 22. Qe1 Qxb2 23. Bd3 Nc5 24. Bb1 f6 25. Kg2 e5 26. Qd1 e4 27. Nd2 f5
28. gxf5 gxf5 29. f3 e3 {White resigns} 0-1